 Dungeon Sprint DCSS version 0.21.1-1-g345015f (webtiles) character file.

4845 diana the Fencer (level 10, -9/77 HPs)
             Began as a Minotaur Gladiator on June 9, 2018.
             Was an Initiate of Gozag.
             Killed from afar by a lindwurm (35 damage)
             ... with a blast of flame
             ... in the Dungeon (Sprint IX: "|||||||||||||||||||||||||||||").
             The game lasted 00:06:14 (1122 turns).

diana the Fencer (Minotaur Gladiator)               Turns: 1122, Time: 00:06:16

Health: -9/77      AC:  7    Str: 23    XL:     10   Next: 25%
Magic:  9/9        EV: 24    Int:  5    God:    Gozag
Gold:   1957       SH:  0    Dex: 17    Spells: 9/9 levels left

rFire    . . .     SeeInvis .   j - +1 great sword (holy)
rCold    . . .     Gourm    .   (shield currently unavailable)
rNeg     . . .     Faith    .   A - +2 ring mail {MR+}
rPois    .         Spirit   .   (helmet unavailable)
rElec    .         Reflect  .   (no cloak)
rCorr    .         Harm     .   (no gloves)
MR       +....     NoTele   +   (no boots)
Stlth    +.........             (no amulet)
HPRegen  0.22/turn              p - +3 ring of strength
MPRegen  0.11/turn              s - +3 ring of dexterity

@: gold aura
A: retaliatory headbutt, beak, horns 3, screaming 1
a: Potion Petition, Call Merchant, Bribe Branch, Renounce Religion


You were in the Dungeon.
You worshipped Gozag.
Gozag was most pleased with you.
You were hungry.

You visited 1 branch You collected 2804 gold pieces.
You spent 304 gold pieces at shops.
You paid 543 gold pieces to Gozag.

Inventory:

Hand Weapons
 a - a +0 long sword
 j - a +1 great sword of holy wrath (weapon)
 q - a +2 scimitar of flaming
Missiles
 d - 2 throwing nets (quivered)
Armour
 b - a +0 leather armour
 c - a +0 hat
 r - a +1 chain mail
 A - a +2 ring mail of magic resistance (worn)
Jewellery
 p - a +3 ring of strength (left hand)
 s - a +3 ring of dexterity (right hand)
Wands
 o - a wand of iceblast (10)
Scrolls
 k - 2 scrolls of blinking
 m - 3 scrolls of remove curse
 n - 2 scrolls of amnesia
 w - 2 scrolls of identify
 x - 2 scrolls of enchant weapon
 y - 2 scrolls of fear
 z - a scroll of fog
Potions
 e - a potion of invisibility
 g - a potion of heal wounds
 h - a potion of haste
 i - 4 potions of magic
 l - 2 potions of curing
 u - a potion of agility
 v - a potion of mutation
Comestibles
 f - a ration


   Skills:
 - Level 3.1 Fighting
 * Level 19.1 Long Blades
 - Level 2.7 Throwing
 - Level 0.3 Armour
 * Level 17.7 Dodging


You had 9 spell levels left.
You didn't know any spells.

Dungeon Overview and Level Annotations

Branches:
Dungeon (1/1)

Altars:
Cheibriados
Dithmenos
Elyvilon
Fedhas
Gozag
Hepliaklqana
Kikubaaqudgha
Makhleb
Nemelex Xobeh
Okawaru
Qazlal
Ru
Sif Muna
Trog
Uskayaw
Vehumet
Wu Jian
Xom
Yredelemnul
Zin
The Shining One
Beogh
Jiyva
Lugonu

Shops:
D *


Innate Abilities, Weirdness & Mutations

You reflexively headbutt those who attack you in melee.
You have a pair of large horns on your head.
You have a beak for a mouth.
You occasionally shout uncontrollably at your foes.


Message History

The tyrant leech is almost dead.
The tyrant leech bites you!
The tyrant leech draws strength from your injuries!
You miss the tyrant leech. You peck the tyrant leech.
The tyrant leech is almost dead.
You hit the tyrant leech. Your peck misses the tyrant leech.
The tyrant leech is almost dead.
The tyrant leech bites you!
The tyrant leech draws strength from your injuries!
You closely miss the tyrant leech. Your peck misses the tyrant leech.
The tyrant leech is severely wounded.
You slash the tyrant leech! Your headbutt misses the tyrant leech.
The tyrant leech is almost dead.
The tyrant leech misses you. You furiously retaliate!
You headbutt the tyrant leech!
You kill the tyrant leech!
The lindwurm breathes flames at you. The blast of flame hits you!
You die...
Your body crumbles into a pile of gold.

▓_▓.▓.▓
$
▓_▓.▓.▓
$
▓_▓.▓.▓
$
▓_▓.▓.▓
$
▓_▓.▓.▓
$
▓_▓.▓.▓
▓_▓.▓.▓
$
▓_▓.▓.▓
$
▓_▓.▓@▓
$
▓_▓.▓$▓
$
▓_▓.▓k▓
$
▓_▓.▓k▓
$
▓_▓.▓.▓
$
▓_▓.▓.▓
$
▓_▓.▓.▓
$
▓_▓.▓w▓
$
▓_▓.▓.▓
$


You could see 2 lindwurms and a worm.

Vanquished Creatures
  A hydra (D)
  A deep elf mage (D)
  4 spiny frogs (D)
  A komodo dragon (D)
  2 tyrant leeches (D)
  A dream sheep (D)
  2 hippogriffs (D)
  A shadow (D)
  A yak (D)
  An acid dragon (D)
  2 water moccasins (D)
  A centaur (D)
  4 crocodiles (D)
  4 bullfrogs (D)
  3 crimson imps (D)
  A worker ant (D)
  An adder (D)
  2 orcs (D)
  A bat zombie (D)
  A goblin (D)
  A giant cockroach zombie (D)
  2 kobolds (D)
  A leopard gecko skeleton (D)
  A quokka zombie (D)
  2 rats (D)
42 creatures vanquished.

Notes
Turn   | Place    | Note
-------+----------+-------------------------------------------
     0 | D        | diana the Minotaur Gladiator began the quest for the Orb.
     0 | D        | Reached XP level 1. HP: 18/18 MP: 0/0
     4 | D        | Reached skill level 4 in Long Blades
    17 | D        | Noticed a crimson imp
    17 | D        | Noticed a worker ant
    23 | D        | Reached skill level 5 in Long Blades
    23 | D        | Reached XP level 2. HP: 16/25 MP: 1/1
    26 | D        | Reached skill level 6 in Long Blades
    26 | D        | Reached skill level 5 in Dodging
    26 | D        | Reached XP level 3. HP: 10/31 MP: 2/2
    30 | D        | HP: 1/31 [orc/short sword (6)]
    33 | D        | Reached skill level 7 in Long Blades
    33 | D        | Reached XP level 4. HP: 12/38 MP: 3/3
   249 | D        | Found a roughly hewn altar of Beogh.
   249 | D        | Found a snail-covered altar of Cheibriados.
   249 | D        | Found a shadowy altar of Dithmenos.
   249 | D        | Found a white marble altar of Elyvilon.
   249 | D        | Found a blossoming altar of Fedhas.
   249 | D        | Found an opulent altar of Gozag.
   250 | D        | Found a hazy altar of Hepliaklqana.
   251 | D        | Found a viscous altar of Jiyva.
   252 | D        | Found an ancient bone altar of Kikubaaqudgha.
   253 | D        | Found a corrupted altar of Lugonu.
   254 | D        | Found a burning altar of Makhleb.
   255 | D        | Found a sparkling altar of Nemelex Xobeh.
   256 | D        | Found an iron altar of Okawaru.
   257 | D        | Found a stormy altar of Qazlal.
   258 | D        | Found a sacrificial altar of Ru.
   261 | D        | Became a worshipper of Gozag Ym Sagoz the Greedy
   264 | D        | Found a deep blue altar of Sif Muna.
   265 | D        | Found a bloodstained altar of Trog.
   266 | D        | Found a hide-covered altar of Uskayaw.
   267 | D        | Found a radiant altar of Vehumet.
   268 | D        | Found an ornate altar of the Wu Jian Council.
   269 | D        | Found a shimmering altar of Xom.
   270 | D        | Found a basalt altar of Yredelemnul.
   271 | D        | Found a glowing silver altar of Zin.
   272 | D        | Found a glowing golden altar of the Shining One.
   309 | D        | Noticed a hippogriff
   313 | D        | Killed a hippogriff
   313 | D        | Reached skill level 10 in Long Blades
   313 | D        | Reached XP level 5. HP: 43/45 MP: 4/4
   319 | D        | Reached skill level 11 in Long Blades
   319 | D        | Reached skill level 10 in Dodging
   319 | D        | Reached XP level 6. HP: 46/51 MP: 5/5
   340 | D        | Noticed a water moccasin
   340 | D        | Noticed a shadow
   340 | D        | Noticed a deep elf mage
   340 | D        | Noticed an acid dragon
   344 | D        | Reached skill level 12 in Long Blades
   353 | D        | Killed a water moccasin
   356 | D        | Killed a shadow
   356 | D        | Reached skill level 13 in Long Blades
   356 | D        | Reached XP level 7. HP: 39/57 MP: 6/6
   359 | D        | Killed a deep elf mage
   359 | D        | Reached skill level 14 in Long Blades
   359 | D        | Reached XP level 8. HP: 13/63 MP: 7/7
   798 | D        | Gained mutation: You have a beak for a mouth. [potion of mutation]
   798 | D        | Gained mutation: You occasionally shout uncontrollably at your foes. [potion of mutation]
   798 | D        | Gained mutation: You have a pair of large horns on your head. [potion of mutation]
   805 | D        | Noticed a seven-headed hydra
   805 | D        | Noticed a komodo dragon
   805 | D        | Noticed a spiny frog
   816 | D        | Killed a five-headed hydra
   816 | D        | Reached skill level 16 in Long Blades
   820 | D        | Noticed a spiny frog
   823 | D        | Reached skill level 15 in Dodging
   823 | D        | Reached XP level 9. HP: 42/69 MP: 8/8
   829 | D        | Killed a komodo dragon
   831 | D        | Killed a spiny frog
   831 | D        | Reached skill level 17 in Long Blades
   841 | D        | Killed a spiny frog
   870 | D        | Noticed a spiny frog
   870 | D        | Noticed a spiny frog
   878 | D        | HP: 2/69 [spiny frog (16)]
   881 | D        | Killed a spiny frog
   881 | D        | Reached skill level 18 in Long Blades
   885 | D        | HP: 2/69 [spiny frog (15)]
   887 | D        | Killed a spiny frog
   891 | D        | Reached XP level 10. HP: 9/77 MP: 9/9
   929 | D        | Noticed a lindwurm
   929 | D        | Noticed a lindwurm
   929 | D        | Noticed a lindwurm
   933 | D        | Reached skill level 19 in Long Blades
   934 | D        | Noticed a lindwurm
   935 | D        | Noticed a lindwurm
  1109 | D        | Bought a runed great sword for 304 gold pieces
  1122 | D        | Killed from afar by a lindwurm

Skill      XL: |  1  2  3  4  5  6  7  8  9 10 |
---------------+-------------------------------+-----
Long Blades    | 5 6 7 10 11 13 14 16 18 19 | 19.1
Dodging        | 4 5 6 9 10 12 13 15 17 | 17.7
Fighting       | 3 |  3.1
Throwing       | |  2.7
Armour         | |  0.3

Action                   |  1- 3 |  4- 6 |  7- 9 | 10-12 || total
-------------------------+-------+-------+-------+-------++-------
Melee: Long sword        |    20 |       |       |       ||    20
       Headbutt          |     3 |     7 |    16 |     6 ||    32
       Scimitar          |       |    30 |    46 |    11 ||    87
       Peck              |       |       |    14 |     6 ||    20
       Great sword       |       |       |       |    12 ||    12
Throw: Throwing net      |       |       |     1 |       ||     1
Invok: Potion Petition   |       |       |       |     1 ||     1
       Call Merchant     |       |       |       |     1 ||     1
  Use: Potion            |     1 |     1 |     8 |       ||    10
 Stab: Held in net/web   |       |       |     2 |       ||     2
       Distracted        |       |       |     1 |     2 ||     3
Armor: Leather armour    |     4 |     3 |     1 |       ||     8
Dodge: Dodged            |    20 |    17 |    27 |    16 ||    80
       Rpst.: Long sword |     6 |       |       |       ||     6
       Scimitar          |       |     4 |     4 |     3 ||    11
       Great sword       |       |       |       |     1 ||     1
